 Dungeon Crawl Stone Soup version 0.28-a0-823-gb444dcf96d (webtiles) character file.

Game seed: 8789616424100861823

0 meatgazer the Skirmisher (level 1, -42/18 HPs)
             Began as a Demonspawn Abyssal Knight on Nov 9, 2021.
             Was a Follower of Lugonu.
             Killed from afar by a hell hog (52 damage)
             ... with a fireball
             ... on level 3 of the Abyss.
             The game lasted 00:00:34 (72 turns).

meatgazer the Skirmisher (Demonspawn Abyssal Knight)  Turns: 72, Time: 00:00:35

Health: -42/18     AC:  3    Str: 13    XL:     1   Next: 0%
Magic:  2/2        EV: 11    Int: 11    God:    Lugonu [*.....]
Gold:   34         SH:  0    Dex: 13    Spells: 0/0 levels left

rFire   . . .      SeeInvis .   a - +1 hand axe
rCold   . . .      Faith    .   (no shield)
rNeg    . . .      Spirit   .   b - +0 leather armour
rPois   .          Reflect  .   (no helmet)
rElec   .          Harm     .   (no cloak)
rCorr   .          Rampage  .   (no gloves)
Will    .....                   (no boots)
Stlth   +.........              (no amulet)
HPRegen 0.06/turn               (no ring)
MPRegen 0.08/turn               (no ring)

@: no status effects
A: no striking features
a: Renounce Religion, Depart the Abyss


You were on level 3 of the Abyss.
You worshipped Lugonu.
Lugonu was aware of your devotion.
You visited 0 branches of the dungeon, and saw 0 of its levels.
You visited the Abyss 1 time.

You collected 34 gold pieces.

Inventory:

Hand Weapons
 a - a +1 hand axe (weapon)
Missiles
 e - 18 poisoned darts
Armour
 b - a +0 leather armour (worn)
 c - a +0 buckler
Potions
 f - a potion of brilliance


   Skills:
 + Level 3.0 Fighting
 + Level 1.7 Axes
 + Level 1.7 Armour
 + Level 0.8 Dodging
 + Level 2.4 Invocations


You couldn't memorise any spells.
You didn't know any spells.
Your spell library was empty.

Dungeon Overview and Level Annotations

Branches:
Dungeon (0/15)

Altars:


Message History

There is a corrupted altar of Lugonu here.
Found a gateway leading out of the Abyss.
You enter the shallow water.
Moving in this stuff is going to be slow.
You see here a +0 buckler.
c - a +0 buckler You enter the shallow water.
Moving in this stuff is going to be slow.
Found a gateway leading deeper into the Abyss.
There is a gateway leading deeper into the Abyss here.
You plunge deeper into the Abyss.
Found a gateway leading deeper into the Abyss.
Found a dagger.
There is a gateway leading deeper into the Abyss here.
You plunge deeper into the Abyss.
The abyssal rune of Zot can be found at this depth.
Found a corrupted altar of Lugonu.
Found 34 gold pieces.
d - a scroll labelled VYGRUD LIEPS You now have 34 gold pieces.
Found 18 poisoned darts.
Found a bubbling dark potion.
You see here 18 poisoned darts.
Non-targeted abil: Depart the Abyss
Press: ? - help, Q - select action Dir - look around, f - activate
Okay, then.
e - 18 poisoned darts You see here a bubbling dark potion.
f - a bubbling dark potion Your body is wracked with pain! 2 hell hogs come into view.
The hell hog squeals angrily. x2
As you read the scroll labelled VYGRUD LIEPS, it crumbles to dust.
It is a scroll of identify.
f - a potion of brilliance The hell hog squeals angrily.
The hell hog breathes fire at you.
The fireball explodes!
The fireball engulfs you!!!
Ouch! That really hurt!
You die...

###..#.≈#..... ...
#..#..#≈... #...
#.#..#..#.##....##
###hh..#..≈.. #
###
#.....##..#..##.
##..##§....≈..##
#...h###..#..#
##..##..#..... .
#.@........#....
#..##....#####..
#.#......# #
#####..##... #
##.# ##. ### #


You could see 3 hell hogs.

Vanquished Creatures (others)
  A lurking horror (Abyss:3)
1 creature vanquished.

Notes
Turn   | Place    | Note
-------+----------+-------------------------------------------
     0 | Abyss:1  | meatgazer the Demonspawn Abyssal Knight began the quest for
                  | the Orb.
     0 | Abyss:1  | Reached XP level 1. HP: 18/18 MP: 2/2
    40 | Abyss:3  | Found a corrupted altar of Lugonu.
    71 | Abyss:3  | Noticed a hell hog
    71 | Abyss:3  | Noticed a hell hog
    71 | Abyss:3  | Noticed a hell hog
    72 | Abyss:3  | Killed from afar by a hell hog

Illustrated notes

Levels and vault maps discovered:
Abyss:3:  base: Temple, nicolae_abyss_rune_star_stuff

Action                   || total
-------------------------++-------
  Use: Scroll            ||     1

Table legend: (Time is in decaauts)
 A = Elapsed time spent in this place.
 B = Non-inter-level travel time spent in this place.
 C = Inter-level travel time spent in this place.
 D = Time resting spent in this place.
 E = Time spent auto-exploring this place.
 F = Levels seen in this place.
 G = Mean time per level.
                   A        B        C        D        E       F      G
               +--------+--------+--------+--------+--------+-----+--------+
         Total |     76 |     76 |      0 |      0 |      7 |   3 |   25.3 |
         Abyss |     76 |     76 |      0 |      0 |      7 |   3 |   25.3 |
               +--------+--------+--------+--------+--------+-----+--------+

Top non-repeatable levels by time:
 Abyss:1: 36 daAuts
 Abyss:3: 33 daAuts
 Abyss:2: 5 daAuts
